 Dungeon Crawl Stone Soup version 0.31-a0-145-g046c7d2549 (webtiles) character file.

Game seed: 2626724671896832643

105 qw the Shooter (level 4, -11/38 HPs)
             Began as a Minotaur Hunter on June 7, 2023.
             Mangled by an ice beast (13 damage)
             ... on level 3 of the Dungeon.
             The game lasted 00:00:48 (2021 turns).

qw the Shooter (Minotaur Hunter)                    Turns: 2021, Time: 00:00:49

Health: -11/38     AC:  6    Str: 16    XL:     4   Next: 54%
Magic:  3/3        EV: 11    Int:  6    God:
Gold:   190        SH:  0    Dex: 15    Spells: 3/3 levels left

rFire   . . .        Y - +0 shortbow
rCold   . . .        (shield currently unavailable)
rNeg    . . .        e - +0 ring mail
rPois   .            (helmet restricted)
rElec   .            (no cloak)
rCorr   .            (no gloves)
SInv    .            g - +0 pair of boots
Will    +....        (no amulet)
Stlth   +            h - ring of willpower
HPRegen 0.26/turn    (no ring)
MPRegen 0.08/turn

%: no passive effects
@: no status effects
A: horns 2, retaliatory headbutt
a: no special abilities


You were on level 3 of the Dungeon.
You visited 1 branch of the dungeon, and saw 3 of its levels.

You collected 190 gold pieces.


Innate Abilities, Weirdness & Mutations

You have a pair of horns on your head.
You reflexively headbutt those who attack you in melee.


   Skills:
 + Level 3.5 Fighting
 - Level 6.0 Ranged Weapons
 - Level 1.1 Armour
 - Level 2.1 Dodging
 - Level 0.7 Stealth


You had 3 spell levels left.
You didn't know any spells.
Your spell library was empty.

Inventory:

Hand Weapons
 Y - a +0 shortbow (weapon)
Armour
 e - a +0 ring mail (worn)
 g - a +0 pair of boots (worn)
 j - a +0 cloak
Jewellery
 c - a ring of fire
 h - a ring of willpower (left hand)
Scrolls
 a - 2 scrolls of identify
 b - a scroll of torment {unknown}
 k - a scroll of vulnerability {unknown}
 m - a scroll of magic mapping {unknown}
Potions
 d - a potion of berserk rage {unknown}
 f - 2 potions of curing
 i - a potion of lignification {unknown}
 l - a potion of heal wounds {unknown}

Dungeon Overview and Level Annotations

Branches:
Dungeon (3/15)

Altars:

Annotations:
D:3 2 transporters, qw's ghost, weakling GrFi


Message History

You shoot an arrow.
The arrow hits the jackal but does no damage.
The jackal bites you but does no damage.
The jackal misses you.
You shoot an arrow. The arrow hits the jackal.
You kill the jackal!
You see here a +0 club.
An ice beast comes into view.
Enter note:
Enter note:
Enter note:
Enter note:
Enter note:
Enter note:
Enter note:
Enter note:
Enter note: You shoot an arrow.
The arrow hits the ice beast.
The ice beast is lightly wounded.
You shoot an arrow. The arrow closely misses the ice beast.
You shoot an arrow. The arrow barely misses the ice beast.
The ice beast hits you but does no damage. x2
You shoot an arrow. The arrow hits the ice beast.
The ice beast is lightly wounded.
The ice beast barely misses you.
You shoot an arrow. The arrow hits the ice beast.
The ice beast is lightly wounded.
The ice beast hits you. The ice beast freezes you.
You shoot an arrow. The arrow closely misses the ice beast.
The ice beast hits you. The ice beast freezes you!
You shoot an arrow. The arrow barely misses the ice beast.
The ice beast hits you but does no damage.
You shoot an arrow. The arrow closely misses the ice beast.
The ice beast hits you but does no damage.
The ice beast hits you. The ice beast freezes you!
You shoot an arrow.
The arrow hits the ice beast but does no damage.
The ice beast is lightly wounded.
The ice beast hits you. The ice beast freezes you!
You die...

#.# #..# #.#
#.#
#..#####.####
#.#
#)....%..##..
#.
#.###.#####.#
#. #.# #.#
#.# #. #.#
#.# #.# #.
#.# #%#####..
#Y#####.#
#........
#.@.....#
#######.#
######### #^#
#.# #.# #..
###


You could see an ice beast.

Vanquished Creatures
  3 adders
  2 worms
  An orc (D:3)
  8 endoplasms
  2 giant cockroaches
  6 goblins
  9 hobgoblins
  7 jackals
  5 kobolds
  4 quokkas
  4 ball pythons
  4 bats
  3 frilled lizards (D:1)
  5 rats
63 creatures vanquished.

Notes
Turn   | Place    | Note
-------+----------+-------------------------------------------
     0 | D:1      | qw the Minotaur Hunter began the quest for the Orb.
     0 | D:1      | Reached XP level 1. HP: 18/18 MP: 0/0
     0 | D:1      | 0 ||| qw: Version: 0.2-a-117-gc6b5c8b
     0 | D:1      | 0 ||| qw: Game counter: 2406
     0 | D:1      | 0 ||| qw: Always use a shield: true
     0 | D:1      | 0 ||| qw: God list: Okawaru
     0 | D:1      | 0 ||| qw: Allow faded altars: false
     0 | D:1      | 0 ||| qw: Do Orc after D:15 true
     0 | D:1      | 0 ||| qw: Do second Lair branch before Depths: true
     0 | D:1      | 0 ||| qw: Lair rune preference: random
     0 | D:1      | 0 ||| qw: Plans: Normal
     0 | D:1      | 0 ||| PLANNING D:1-11
   120 | D:1      | Reached XP level 2. HP: 25/25 MP: 1/1
   209 | D:1      | Reached skill level 5 in Ranged Weapons
   428 | D:1      | Reached skill level 3 in Fighting
   636 | D:1      | 636 ||| UPGRADING to +0 ring mail.
   646 | D:1      | 646 ||| DROPPING +0 leather armour.
   647 | D:1      | 647 ||| UPGRADING to +0 pair of boots.
   652 | D:1      | 652 ||| READING 2 scrolls labelled WOSORA APTIS.
   653 | D:1      | 653 ||| READING scroll labelled DEUR SOHEHOA.
   656 | D:1      | 656 ||| DROPPING scroll of butterflies.
   728 | D:2      | Reached skill level 1 in Armour
   728 | D:2      | Reached XP level 3. HP: 29/31 MP: 2/2
  1199 | D:2      | 1199 ||| UPGRADING to ring of willpower.
  1200 | D:2      | 1200 ||| READING scroll labelled BUCAISTR URIDY.
  1201 | D:2      | 1201 ||| READING scroll labelled YGUIZI WYIRITH.
  1202 | D:2      | 1202 ||| DRINKING 2 brown potions.
  1221 | D:3      | 1221 ||| STAIRDANCE
  1311 | D:3      | Reached XP level 4. HP: 38/38 MP: 3/3
  1314 | D:3      | Found a transporter.
  1337 | D:3      | Found a transporter.
  1366 | D:3      | Noticed qw's ghost (weakling GrFi)
  1613 | D:3      | Reached skill level 6 in Ranged Weapons
  2012 | D:3      | Noticed an ice beast
  2020 | D:3      | HP: 4/38 [ice beast (14)]
  2021 | D:3      | Mangled by an ice beast

Levels and vault maps discovered:
D:1:      wander_arrival_chamber, layout_rooms, serial_forest,
          infiniplex_forest_clump_tiny, infiniplex_forest_straight_5,
          infiniplex_forest_clump_double, infiniplex_forest_pool,
          infiniplex_forest_clump_medium, infiniplex_forest_diagonal,
          infiniplex_forest_clump_tiny
D:2:      layout_basic, corexii_corridor_pit
D:3:      layout_loops_ring, gammafunk_ghost_stat_death, kennysheep_crisscross

Skill      XL: |  1  2  3  4 |
---------------+-------------+-----
Ranged Weapons | 5 6 |  6.0
Fighting       | 3 |  3.5
Armour         | 1 |  1.1
Dodging        | |  2.1
Stealth        | |  0.7

Action                     |  1- 3 |  4- 6 || total
---------------------------+-------+-------++-------
   Fire: Shortbow          |   112 |    76 ||   188
    Use: Scroll            |     4 |       ||     4
         Potion            |     1 |       ||     1
 Armour: Leather armour    |    10 |       ||    10
         Ring mail         |    14 |    17 ||    31
  Dodge: Dodged            |    38 |    22 ||    60

Table legend:
 A = Non-vault XP
 B = Vault XP
 C = Vault XP percentage of total XP
 D = Non-vault monster count
 E = Vault monster count
 F = Vault count percentage of total count
                 A         B        C        D         E       F
            +---------+---------+-------+---------+---------+-------
      Total |     151 |       0 |   0.0 |      63 |       0 |   0.0
            +---------+---------+-------+---------+---------+-------
        D:1 |      31 |       0 |   0.0 |      19 |       0 |   0.0
        D:2 |      49 |       0 |   0.0 |      21 |       0 |   0.0
        D:3 |      71 |       0 |   0.0 |      23 |       0 |   0.0
            +---------+---------+-------+---------+---------+-------
